 Dungeon Crawl Stone Soup version 0.21.1-1-g345015f (webtiles) character file.

5858 zishaf the Slinger (level 11, -6/69 HPs)
             Began as a Halfling Hunter on May 11, 2018.
             Was a Priest of Okawaru.
             Mangled by an orc warlord
             ... wielding a +2 battleaxe of pain
              (20 damage)
             ... in a bailey.
             The game lasted 00:39:32 (10799 turns).

zishaf the Slinger (Halfling Hunter)               Turns: 10799, Time: 00:39:32

Health: -6/69      AC: 11    Str: 13    XL:     11   Next: 7%
Magic:  13/14      EV: 23    Int:  9    God:    Okawaru [***...]
Gold:   342        SH:  8    Dex: 19    Spells: 10/10 levels left

rFire    . . .     SeeInvis .   b - +1 dagger (speed)
rCold    . . .     Gourm    .   r - +0 buckler
rNeg     + . .     Faith    .   v - +3 ring mail {rPois}
rPois    +         Spirit   .   (no helmet)
rElec    .         Reflect  .   (no cloak)
rCorr    .         Harm     .   C - +0 pair of gloves
MR       .....                  (no boots)
Stlth    +++++.....             (no amulet)
HPRegen  0.21/turn              F - ring of positive energy
MPRegen  0.14/turn              c - ring of stealth

@: heroism
A: small, mutation resistance 1
a: Heroism, Renounce Religion


You were in a bailey.
You worshipped Okawaru.
Okawaru was most pleased with you.
You were not hungry.

You visited 2 branches of the dungeon, and saw 9 of its levels.
You also visited: Bailey.

You collected 342 gold pieces.

Inventory:

Hand Weapons
 a - a +1 hunting sling
 b - a +1 dagger of speed (weapon)
 A - the +8 war axe of Arbitration {elec, rPois rN+ MR+, unknown}
   (You found it on level 6 of the Dungeon)

   Occasionally, upon striking a foe, it will discharge some electrical energy
   and cause terrible harm.
   It protects you from poison.
   It protects you from negative energy.
   It affects your resistance to hostile enchantments.
Missiles
 h - 73 stones (quivered)
Armour
 r - a +0 buckler (worn)
 v - a +3 ring mail of poison resistance (worn)
 C - a +0 pair of gloves (worn)
Jewellery
 c - a ring of stealth (right hand)
 p - an uncursed ring of magical power
 F - a ring of positive energy (left hand)
Wands
 w - a wand of disintegration (34)
 y - a wand of enslavement (7)
 G - a wand of random effects (20)
 J - a wand of flame (24)
Scrolls
 i - 2 scrolls of amnesia
 j - a scroll of immolation {unknown}
 k - a scroll of fog
 m - 2 scrolls of teleportation
 n - 6 scrolls of remove curse
 s - a scroll of enchant armour
 t - a scroll of noise {unknown}
 E - a scroll of magic mapping {unknown}
 I - 2 scrolls of blinking {unknown}
Potions
 e - a potion of might
 g - a potion of brilliance
 l - 2 potions of cancellation
 o - 2 potions of berserk rage {unknown}
 u - a potion of curing
 x - 2 potions of ambrosia {unknown}
 z - a potion of invisibility {unknown}
 B - a potion of mutation {unknown}
 D - 2 potions of magic {unknown}
 K - 2 potions of haste
Books
 H - the Catalogue of Flying Dark Magic
   (You found it on level 7 of the Dungeon)

   Spells                             Type                      Level
   a - Pain                           Necromancy                   1
   b - Animate Dead                   Necromancy                   4
   c - Summon Lightning Spire         Summoning/Air                4
   d - Lightning Bolt                 Conjuration/Air              5
Comestibles
 f - 7 rations


   Skills:
 - Level 4.0(9.0) Fighting
 - Level 5.0(10.0) Short Blades
 - Level 12.0(17.0) Slings
 + Level 4.9(9.9) Armour
 + Level 7.2(12.2) Dodging
 + Level 6.4(11.4) Stealth
 - Level 6.0(11.0) Shields
 - Level 4.2 Invocations
 - Level 4.2 Evocations


You had 10 spell levels left.
You didn't know any spells.

Dungeon Overview and Level Annotations

Branches:
Dungeon (8/15)             Temple (1/1) D:4
   Lair: D:8-11

Altars:
Ashenzari
Cheibriados
Dithmenos
Elyvilon
Fedhas
Gozag
Hepliaklqana
Kikubaaqudgha
Makhleb
Nemelex Xobeh
Okawaru
Qazlal
Ru
Sif Muna
Trog
Uskayaw
Vehumet
Wu Jian
Xom
Yredelemnul
Zin


Innate Abilities, Weirdness & Mutations

You are small and have problems with some larger weapons.
You are somewhat resistant to further mutation.


Message History

The mass of ice explodes!
The iceblast engulfs the orc warlord.
The orc warlord is lightly wounded.
The orc warlord hits you with a battleaxe of pain!!
* * * LOW HITPOINT WARNING * * *
You writhe in agony.
* * * LOW HITPOINT WARNING * * *
Evoke which item? (* to show all) (? for menu, Esc to quit)
Aiming: Random Effects
Press: ? - help, Shift-Dir - straight line, f/p - orc warlord
Aim: an orc warlord, wielding a battleaxe of pain and wearing a chain mail (lightly wounded, fast)
The orc warlord resists with almost no effort.
You block the orc warlord's attack.
Evoke which item? (* to show all) (? for menu, Esc to quit)
Aiming: Random Effects
Press: ? - help, Shift-Dir - straight line, f/p - orc warlord
Aim: an orc warlord, wielding a battleaxe of pain and wearing a chain mail (lightly wounded, fast)
The puff of flame hits the orc warlord.
The orc warlord appears unharmed.
The orc warlord is lightly wounded.
The orc warlord hits you with a battleaxe of pain!!
You die...

♣♣♣♣ ### ♣♣♣..♣♣♣♣
###.#)#
♣..)....♣###.%.((###
♣.......##..(((.(..##
♣♣.......#..(().%(...#
♣........)@)((..)(...#
♣...∩)∩.)))o..(⌠.....#
♣........')((....%...#
♣♣.......#((.()..)...#
♣.......##...o))...###
♣♣....♣♣♣###..(((###.###
♣..♣♣♣ ###.#(#.....###
♣♣♣♣ ###)).......#
#...........


You could see an orc warlord and an orc.

Vanquished Creatures
  2 orc knights (Bailey)
  The ghost of smashgrab61 the Shield-Bearer, an amateur DsFi (D:4)
  A hippogriff (D:7)
  Sigmund (D:6)
  2 humans (D:8)
  A sky beast (D:6)
  An ice beast (D:8)
  8 orc warriors (Bailey)
  2 ogres (D:7)
  5 centaurs
  A necrophage (D:7)
  A crocodile (D:8)
  5 bullfrogs
  A wyvern zombie (D:6)
  5 scorpions
  8 wights
  3 killer bees (D:7)
  A howler monkey (D:4)
  2 crimson imps (D:5)
  2 jellies
  A gnoll shaman (D:6)
  3 hounds
  9 orc wizards
  3 orc priests
  A bullfrog skeleton (D:6)
  An iguana (D:6)
  12 worker ants
  A hound skeleton (D:4)
  15 gnolls
  11 adders
  An ooze (D:4)
  An adder skeleton (D:5)
  A worm (D:3)
  A dart slug (D:2)
  2 leopard geckos
  37 orcs
  7 bats
  7 giant cockroaches
  25 goblins
  9 hobgoblins
  24 jackals
  2 ball pythons (D:3)
  6 frilled lizards
  A jackal skeleton (D:5)
  A jackal zombie (D:5)
  3 kobolds
  2 leopard gecko skeletons
  9 rats
  A butterfly (D:6)
250 creatures vanquished.

Vanquished Creatures (collateral kills)
  An orc warrior (Bailey)
1 creature vanquished.

Vanquished Creatures (others)
  An orc (Bailey)
1 creature vanquished.

Grand Total: 252 creatures vanquished

Notes
Turn   | Place    | Note
-------+----------+-------------------------------------------
     0 | D:1      | zishaf the Halfling Hunter began the quest for the Orb.
     0 | D:1      | Reached XP level 1. HP: 14/14 MP: 1/1
    64 | D:1      | Reached skill level 6 in Slings
   233 | D:1      | Reached XP level 2. HP: 19/19 MP: 2/2
   575 | D:1      | Reached XP level 3. HP: 24/24 MP: 3/3
   919 | D:2      | Reached skill level 7 in Slings
   990 | D:2      | Reached XP level 4. HP: 29/29 MP: 4/4
  1639 | D:3      | Reached skill level 8 in Slings
  1639 | D:3      | Reached XP level 5. HP: 32/34 MP: 5/5
  1728 | D:3      | Found a shattered altar of Ashenzari.
  1863 | D:3      | Reached skill level 9 in Slings
  1933 | D:3      | Reached XP level 6. HP: 35/39 MP: 6/6
  2770 | D:4      | Reached skill level 1 in Shields
  2812 | D:4      | Noticed smashgrab61's ghost (amateur DsFi)
  3042 | D:4      | Reached skill level 10 in Slings
  3160 | D:4      | Reached XP level 7. HP: 32/44 MP: 7/7
  3311 | D:4      | Found a staircase to the Ecumenical Temple.
  3338 | Temple   | Entered the Ecumenical Temple
  3417 | Temple   | Became a worshipper of Warmaster Okawaru
  3717 | D:4      | Killed smashgrab61's ghost
  3717 | D:4      | Reached skill level 11 in Slings
  4187 | D:5      | Entered Level 5 of the Dungeon
  4266 | D:5      | Reached XP level 8. HP: 49/49 MP: 8/8
  4356 | D:5      | Found a blossoming altar of Fedhas.
  4669 | D:5      | Reached skill level 12 in Slings
  5121 | D:6      | Reached skill level 5 in Shields
  5137 | D:6      | Reached * piety under Okawaru
  5406 | D:5      | Reached skill level 1 in Short Blades
  5759 | D:5      | Reached XP level 9. HP: 18/55 MP: 9/9
  6445 | D:6      | Got a slimy war axe
  6783 | D:6      | Noticed Sigmund
  6807 | D:6      | Killed Sigmund
  6807 | D:6      | Reached ** piety under Okawaru
  7006 | D:6      | Found a runed door.
  7031 | D:6      | Found a runed door.
  7067 | D:6      | Reached skill level 5 in Dodging
  7180 | D:6      | Reached skill level 5 in Short Blades
  7180 | D:6      | Reached skill level 1 in Invocations
  7328 | D:6      | Reached skill level 1 in Evocations
  7630 | D:7      | Noticed a hippogriff
  7659 | D:7      | Killed a hippogriff
  7691 | D:7      | Identified the Catalogue of Flying Dark Magic
  7700 | D:7      | Reached XP level 10. HP: 59/63 MP: 12/12
  8361 | D:7      | Reached skill level 1 in Armour
  8699 | D:7      | Found a deep blue altar of Sif Muna.
  9312 | D:8      | Found an iron altar of Okawaru.
  9582 | D:8      | Found a flagged portal.
  9591 | Bailey   | Entered a bailey
  9914 | Bailey   | Reached skill level 5 in Stealth
 10051 | Bailey   | Noticed an orc knight
 10093 | Bailey   | Killed an orc knight
 10093 | Bailey   | Reached *** piety under Okawaru
 10196 | Bailey   | Noticed an orc knight
 10303 | Bailey   | Killed an orc knight
 10303 | Bailey   | Reached XP level 11. HP: 9/69 MP: 14/14
 10788 | Bailey   | Noticed an orc warlord
 10799 | Bailey   | Mangled by an orc warlord

Skill      XL: |  1  2  3  4  5  6  7  8  9 10 11 |
---------------+----------------------------------+-----
Slings         | 6 7 8 9 10 11 12 | 12.0
Stealth        | 2 3 6 |  6.4
Shields        | 1 3 6 |  6.0
Fighting       | 2 4 |  4.0
Short Blades   | 1 5 |  5.0
Dodging        | 3 5 6 7 |  7.2
Invocations    | 3 4 |  4.2
Evocations     | 2 4 |  4.2
Armour         | 4 |  4.9

Action                   |  1- 3 |  4- 6 |  7- 9 | 10-12 || total
-------------------------+-------+-------+-------+-------++-------
Melee: Short sword       |     7 |       |       |       ||     7
       Dagger            |       |     2 |   361 |   384 ||   747
       Hunting sling     |       |       |     1 |       ||     1
 Fire: Hunting sling     |    54 |   214 |   327 |   287 ||   882
Invok: Heroism           |       |       |     8 |    16 ||    24
Evoke: Wand              |       |       |       |    19 ||    19
  Use: Scroll            |       |     4 |     1 |     3 ||     8
       Potion            |       |       |     1 |       ||     1
 Stab: Sleeping          |       |       |     3 |     6 ||     9
  Eat: Ration            |       |     1 |     3 |     1 ||     5
       Chunk             |       |     3 |     4 |     6 ||    13
Armor: Ring mail         |    10 |    12 |    54 |    22 ||    98
Dodge: Dodged            |    15 |    27 |   156 |   132 ||   330
Block: Buckler           |       |     2 |    78 |    72 ||   152
